[Event "Titled Tuesday Blitz February 15 Late 2022"]
[White "Janaszak, Dawid"]
[Black "Lopez Gracia, Fernando"]
[WhiteFideId "1119206"]
[BlackFideId "2207184"]
[WhiteElo "2199"]
[BlackElo "2437"]
[Result "1-0"]
[Round "07"]
[TimeControl "180+1"]
[Date "2022.02.16"]
[WhiteClock "0:00:11"]
[BlackClock "0:00:17"]

1. e4 e5 2. Ne2 Nf6 3. f4 d5 4. fxe5 Nxe4 5. d3 Nc5 6. Be3 Nc6 7. d4 Ne4 8. Nbc3 Bb4 9. a3 Nxc3 10. Nxc3 Be7 11. Qf3 Be6 12. Bd3 Qd7 13. O-O O-O-O 14. b4 a6 15. b5 axb5 16. Bxb5 f6 17. a4 fxe5 18. Qg3 exd4 19. Bxd4 Bd6 20. Qd3 Rhf8 21. a5 Bf5 22. Qd2 Qe7 23. a6 Qh4 24. axb7+ Kb8 25. Ra8+ Kxb7 26. Bxc6+ Kxc6 27. Ra6+ Kd7 28. g3 Qh6 29. Qe2 Rb8 30. Nxd5 Bh3 31. Re1 Rbe8 32. Qd1 Bg4 33. Qxg4+ Kd8 34. Ra8# 1-0


[Site "https://www.chess.com"]

[Event "Titled Tuesday Blitz February 15 Late 2022"]
[White "Jarocka, Liwia"]
[Black "Ezat, Mohamed"]
[WhiteFideId "21807558"]
[BlackFideId "10600906"]
[WhiteElo "1896"]
[BlackElo "2386"]
[Result "0-1"]
[Round "07"]
[TimeControl "180+1"]
[Date "2022.02.16"]
[WhiteClock "0:00:14"]
[BlackClock "0:00:20"]

1. e4 Nf6 2. Nc3 e5 3. Nf3 Bb4 4. Nd5 Bc5 5. Nxe5 O-O 6. d4 Bb6 7. Nxb6 axb6 8. Bd3 d6 9. Nf3 h6 10. O-O Re8 11. Re1 Nc6 12. h3 Ra5 13. c3 Rh5 14. Bf4 g5 15. Bg3 g4 16. Nh2 gxh3 17. b4 Rg5 18. b5 Ne7 19. e5 dxe5 20. Rxe5 Ned5 21. c4 Nb4 22. Be2 Nc2 23. Qxc2 Rxg3 24. Rxe8+ Nxe8 25. Bf3 Rg7 26. Re1 Nf6 27. d5 hxg2 28. Qc3 Qd6 29. Qe5 Qxe5 30. Rxe5 Kf8 31. a4 Nd7 32. Rh5 Nc5 33. Rxh6 Bf5 34. Rh8+ Ke7 35. Rh5 Bd3 36. Bxg2 Bxc4 37. Nf3 Nd3 0-1


[Site "https://www.chess.com"]

[Event "Titled Tuesday Blitz February 15 Late 2022"]
[White "Jobava, Baadur"]
[Black "Vusatiuk, Vladimir"]
[WhiteFideId "13601520"]
[BlackFideId "14118610"]
[WhiteElo "2617"]
[BlackElo "2157"]
[Result "1-0"]
[Round "07"]
[TimeControl "180+1"]
[Date "2022.02.15"]
[WhiteClock "0:02:17"]
[BlackClock "0:00:05"]

1. d4 Nf6 2. Nc3 d5 3. Bf4 c6 4. e3 Bf5 5. f3 h6 6. g4 Bg6 7. Bd3 Bxd3 8. cxd3 e6 9. Nge2 g5 10. Bg3 h5 11. gxh5 Nxh5 12. Kd2 Nd7 13. Qb3 Qb6 14. Rag1 Qxb3 15. axb3 Be7 16. Bf2 f5 17. h4 gxh4 18. Bxh4 Kf7 19. Bxe7 Kxe7 20. b4 a6 21. Na4 Kf7 22. Nc5 Nxc5 23. bxc5 Nf6 24. Kc3 Rxh1 25. Rxh1 Rg8 26. Nf4 Rg3 27. Rf1 Nd7 28. Kb4 e5 29. dxe5 Nxe5 30. Ka5 Nxf3 31. Kb6 Nd2 32. Re1 Nb3 33. d4 Rf3 34. Nd3 Kf6 35. Kxb7 Nxd4 36. exd4 Rxd3 37. Kxc6 Rxd4 38. Kd6 Rd2 39. c6 Rxb2 40. Rc1 Rb8 41. c7 Rh8 42. c8=Q Rxc8 43. Rxc8 d4 44. Rf8+ Kg5 45. Ke5 d3 46. Rg8+ Kh4 47. Kf4 Kh3 48. Rd8 a5 49. Rxd3+ 1-0


[Site "https://www.chess.com"]

[Event "Titled Tuesday Blitz February 15 Late 2022"]
[White "Jones, Gawain C B"]
[Black "Weetik, Vjacheslav"]
[WhiteFideId "409561"]
[BlackFideId "4153472"]
[WhiteElo "2657"]
[BlackElo "2469"]
[Result "1-0"]
[Round "07"]
[TimeControl "180+1"]
[Date "2022.02.15"]
[WhiteClock "0:01:31"]
[BlackClock "0:00:10"]

1. g3 e5 2. c4 Nc6 3. Bg2 g6 4. h4 h6 5. e3 Bg7 6. h5 g5 7. Ne2 d6 8. d4 Nf6 9. Bxc6+ bxc6 10. dxe5 Ng4 11. exd6 cxd6 12. Nbc3 Ne5 13. f4 Nxc4 14. Qa4 Be6 15. Qxc6+ Kf8 16. b3 Rc8 17. Qe4 Qa5 18. Qd3 Nxe3 19. Bxe3 Bxc3+ 20. Nxc3 Rxc3 21. Qxd6+ Kg8 22. Bd2 Re3+ 23. Kf2 1-0


[Site "https://www.chess.com"]

[Event "Titled Tuesday Blitz February 15 Late 2022"]
[White "Josse, Mark"]
[Black "Quirke, Jeffrey"]
[WhiteFideId "414476"]
[BlackFideId "2013029"]
[WhiteElo "2268"]
[BlackElo "2189"]
[Result "1-0"]
[Round "07"]
[TimeControl "180+1"]
[Date "2022.02.16"]
[WhiteClock "0:01:02"]
[BlackClock "0:00:20"]

1. e4 c5 2. Nc3 a6 3. Nf3 e6 4. d4 cxd4 5. Nxd4 b5 6. Bd3 Bb7 7. O-O Nc6 8. Nxc6 Bxc6 9. Qe2 Bc5 10. Be3 Bxe3 11. Qxe3 Ne7 12. e5 O-O 13. Rad1 Qc7 14. f4 f5 15. exf6 Rxf6 16. Ne4 Bxe4 17. Bxe4 Raf8 18. g3 Rc8 19. Qd3 Nf5 20. Qxd7 Ne3 21. Qxc7 Rxc7 22. Rd8+ Kf7 23. Re1 Nc4 24. b3 Na3 25. Re2 h6 26. Rd6 g5 27. fxg5 hxg5 28. Rxa6 b4 29. Rb6 Kg8 30. Rxb4 Rcf7 31. Rb8+ Kg7 32. Rb7 Rf1+ 33. Kg2 Rxb7 34. Kxf1 Rc7 35. c4 1-0


[Site "https://www.chess.com"]

[Event "Titled Tuesday Blitz February 15 Late 2022"]
[White "KND2020"]
[Black "Osmonbekov, Talaibek"]
[BlackFideId "2017253"]
[WhiteElo "2526"]
[BlackElo "2135"]
[Result "1-0"]
[Round "07"]
[TimeControl "180+1"]
[Date "2022.02.16"]
[WhiteClock "0:01:45"]
[BlackClock "0:00:11"]

1. e4 c5 2. Nf3 d6 3. Bb5+ Nd7 4. d4 cxd4 5. Qxd4 a6 6. Bxd7+ Bxd7 7. c4 Nf6 8. Bg5 Qa5+ 9. Nc3 Rc8 10. Bxf6 gxf6 11. O-O Qb4 12. b3 b5 13. Nd5 Qc5 14. cxb5 axb5 15. h3 Rg8 16. Kh2 f5 17. Qd3 Bg7 18. Rac1 Qxc1 19. Rxc1 Rxc1 20. exf5 Be5+ 21. Nxe5 dxe5 22. Qe3 Rd1 23. Qxe5 Rxd5 24. Qxd5 Kd8 25. Qa8+ Bc8 26. Qa5+ Kd7 27. Qxb5+ Kc7 28. Qc5+ Kb8 29. Qxe7 Bxf5 30. Qe5+ Kb7 31. Qxf5 Rg6 32. Qxf7+ Kb6 33. Qxh7 Rc6 34. Qe4 1-0


[Site "https://www.chess.com"]

[Event "Titled Tuesday Blitz February 15 Late 2022"]
[White "Kaasen, Tor Fredrik"]
[Black "Domingo Nunez, Alejandro"]
[WhiteFideId "1516647"]
[BlackFideId "22245561"]
[WhiteElo "2335"]
[BlackElo "2215"]
[Result "1/2-1/2"]
[Round "07"]
[TimeControl "180+1"]
[Date "2022.02.16"]
[WhiteClock "0:00:14"]
[BlackClock "0:00:06"]

1. c4 g6 2. Nc3 Bg7 3. d4 d6 4. e4 Nd7 5. Nf3 e5 6. Be2 Ngf6 7. O-O O-O 8. Be3 Ng4 9. Bg5 Ngf6 10. d5 a5 11. Nd2 h6 12. Be3 Nc5 13. b3 Bd7 14. a3 b6 15. b4 Na6 16. Rb1 Nh7 17. Qc2 f5 18. f3 f4 19. Bf2 Bf6 20. bxa5 bxa5 21. c5 Nxc5 22. Bxc5 dxc5 23. Na4 Bxa4 24. Qxa4 Be7 25. Qc4 Bd6 26. Nb3 Qe7 27. Rbc1 Rfb8 28. Nxc5 Nf8 29. Na6 Rb2 30. Rf2 Rxa6 31. Qxa6 Bc5 32. Qc4 Be3 33. d6+ Qe6 34. Qxe6+ Nxe6 35. dxc7 Nxc7 36. Re1 Nb5 37. Bc4+ Kg7 38. Rxe3 Rxf2 39. Kxf2 fxe3+ 40. Kxe3 Nd4 41. Kd3 Kf6 42. Bd5 Kg5 43. Bf7 Kf6 44. Be8 Kg5 45. a4 h5 46. Ke3 Kf6 47. g3 Nc2+ 48. Kd3 Ne1+ 49. Ke2 Nc2 50. f4 Nd4+ 51. Kd3 Ne6 52. Bxg6 Nc5+ 53. Kc4 Nxa4 54. Bxh5 Nb2+ 55. Kc3 Na4+ 56. Kd3 Nc5+ 57. Ke3 a4 58. fxe5+ Kxe5 59. Bf7 Nxe4 60. g4 Nf6 61. Kf3 Nxg4 62. Kxg4 Kf6 63. Ba2 a3 64. Kh5 Kg7 65. Kg5 Kh8 66. h3 Kh7 67. Kh5 Kh8 68. Bb1 Kg8 69. Kh6 Kh8 70. h4 a2 71. Bxa2 1/2-1/2


[Site "https://www.chess.com"]

[Event "Titled Tuesday Blitz February 15 Late 2022"]
[White "Kalajzic, Ivan"]
[Black "Kraus, Tomas"]
[WhiteFideId "14506378"]
[BlackFideId "331708"]
[WhiteElo "2163"]
[BlackElo "2389"]
[Result "1-0"]
[Round "07"]
[TimeControl "180+1"]
[Date "2022.02.16"]
[WhiteClock "0:00:20"]
[BlackClock "0:00:01"]

1. d4 Nf6 2. Nc3 g6 3. Bg5 Bg7 4. e4 d6 5. f4 O-O 6. e5 Ne8 7. Nf3 Bg4 8. h3 Bxf3 9. Qxf3 c6 10. O-O-O a5 11. f5 a4 12. a3 Nd7 13. Bf4 Qb6 14. f6 exf6 15. exd6 f5 16. Be3 Qa5 17. Bc4 Nxd6 18. Ba2 Nf6 19. g4 Nfe4 20. Nxe4 fxe4 21. Qf2 Qb5 22. Rhf1 Nc4 23. Bxc4 Qxc4 24. Kb1 Ra6 25. c3 Rb6 26. Qc2 Rb3 27. Qxe4 Qxc3 28. Bc1 Bh6 29. Qc2 Qxc2+ 30. Kxc2 Bxc1 31. Kxc1 Rd8 32. h4 Rg3 33. h5 Rxg4 34. h6 Rh4 35. Rh1 Rxh1 36. Rxh1 Rxd4 37. Re1 Rd8 38. Re7 Rb8 39. Kc2 Kf8 40. Rc7 b5 41. Kc3 Ke8 42. Kb4 Rd8 43. Rxc6 Rd5 44. Rc8+ Ke7 45. Rh8 Rh5 46. Rxh7 g5 47. Rh8 g4 48. Rg8 Rxh6 49. Rxg4 1-0


[Site "https://www.chess.com"]

[Event "Titled Tuesday Blitz February 15 Late 2022"]
[White "Kim, Sergey"]
[Black "Martinez Alcantara, Jose Eduardo"]
[WhiteFideId "13700570"]
[BlackFideId "3805662"]
[WhiteElo "2614"]
[BlackElo "2690"]
[Result "0-1"]
[Round "07"]
[TimeControl "180+1"]
[Date "2022.02.15"]
[WhiteClock "0:00:18"]
[BlackClock "0:00:31"]

1. d4 d5 2. c4 dxc4 3. e3 Nf6 4. Bxc4 e6 5. Nf3 a6 6. O-O c5 7. Qe2 Nbd7 8. Rd1 b5 9. Bb3 Bb7 10. Nc3 Qc7 11. Bd2 c4 12. Bc2 b4 13. Na4 Be7 14. Rac1 Rc8 15. e4 O-O 16. Bg5 h6 17. Bh4 Rfe8 18. Bb1 Qa5 19. b3 c3 20. Bd3 Nb6 21. Nxb6 Qxb6 22. Bc2 a5 23. Ne5 Rcd8 24. Nc4 Qa7 25. Bxf6 Bxf6 26. e5 Be7 27. Qd3 g6 28. Qe3 Kg7 29. Kh1 Rd7 30. f4 Red8 31. f5 Bg5 32. Qg3 exf5 33. Bxf5 Rxd4 34. Rxd4 Qxd4 35. Rf1 gxf5 36. Nd6 Rxd6 37. exd6 c2 38. d7 Qxd7 39. h4 f4 0-1


[Site "https://www.chess.com"]

[Event "Titled Tuesday Blitz February 15 Late 2022"]
[White "Koepke, Christian"]
[Black "Hoffmann, Asa"]
[WhiteFideId "4655737"]
[BlackFideId "2001470"]
[WhiteElo "2180"]
[BlackElo "2117"]
[Result "1-0"]
[Round "07"]
[TimeControl "180+1"]
[Date "2022.02.16"]
[WhiteClock "0:00:36"]
[BlackClock "0:00:01"]

1. e4 d6 2. d4 Nf6 3. Nc3 c6 4. f4 Qa5 5. Bd3 e5 6. Nf3 exd4 7. Nxd4 Qb6 8. Nf3 Be7 9. Qe2 O-O 10. Bd2 Qxb2 11. O-O Qa3 12. e5 Nd5 13. Nxd5 cxd5 14. Rab1 Nc6 15. Rb3 Qa4 16. exd6 Bxd6 17. Bxh7+ Kxh7 18. Ng5+ Kg6 19. Rg3 Bf5 20. Ne4+ Kh7 21. Qh5+ Kg8 22. Nxd6 Bg6 23. Qh4 1-0


[Site "https://www.chess.com"]

[Event "Titled Tuesday Blitz February 15 Late 2022"]
[White "Komissarov, Alexey"]
[Black "De Arruda, Leandro Formes"]
[WhiteFideId "4176545"]
[BlackFideId "22722009"]
[WhiteElo "2216"]
[BlackElo "1780"]
[Result "1-0"]
[Round "07"]
[TimeControl "180+1"]
[Date "2022.02.16"]
[WhiteClock "0:00:35"]
[BlackClock "0:00:36"]

1. e4 e6 2. d4 d5 3. Nc3 dxe4 4. Nxe4 Nd7 5. Nf3 Ngf6 6. Nxf6+ Nxf6 7. Ne5 Be7 8. Bd3 O-O 9. O-O c5 10. dxc5 Bxc5 11. Bg5 Bd4 12. Bxf6 Qxf6 13. Bxh7+ Kxh7 14. Qxd4 g6 15. Rad1 Qf5 16. Rd3 f6 17. Rh3+ Kg7 18. Qh4 Qh5 19. Qf4 fxe5 20. Qe3 Qf5 21. Qh6+ Kf6 22. Qxf8+ Kg5 23. Qe7+ 1-0


[Site "https://www.chess.com"]

[Event "Titled Tuesday Blitz February 15 Late 2022"]
[White "Kopczynski, Michal"]
[Black "Cori T., Deysi"]
[WhiteFideId "1124200"]
[BlackFideId "3801934"]
[WhiteElo "2235"]
[BlackElo "2350"]
[Result "1-0"]
[Round "07"]
[TimeControl "180+1"]
[Date "2022.02.16"]
[WhiteClock "0:00:07"]
[BlackClock "0:00:07"]

1. e4 e6 2. d4 d5 3. Nc3 Be7 4. f4 a6 5. e5 c5 6. Nf3 Nc6 7. dxc5 Bxc5 8. Bd3 b5 9. Qe2 Nge7 10. Bd2 Qb6 11. O-O-O Bd7 12. f5 Nd4 13. Nxd4 Bxd4 14. fxe6 Bxe6 15. Rhf1 Rc8 16. Rf4 Ng6 17. Rxd4 Qxd4 18. Re1 Nf4 19. Bxf4 Qxf4+ 20. Kb1 O-O 21. Rf1 Qh6 22. g4 Qh4 23. g5 Qxg5 24. Qe1 Qh6 25. Ne2 Bh3 26. Rf4 Rfe8 27. Rh4 Qe3 28. Bxh7+ Kf8 29. Qb4+ Re7 30. Bd3 g6 31. Rh8+ Kg7 32. Rxc8 Rxe5 33. Qf8+ Kf6 34. Qh8+ Kg5 35. Rf8 Qg1+ 36. Nc1 Re1 37. a3 Rxc1+ 38. Ka2 Be6 39. Qe5+ f5 40. Qf6+ Kf4 41. Qxe6 Ra1+ 42. Kb3 a5 43. Qd6+ Kf3 44. Bxb5 Qe3+ 45. Bd3 f4 46. Qxd5+ Kf2 47. Qe4 a4+ 48. Kxa4 Qa7+ 49. Kb3 Qb6+ 50. Qb4 Qe6+ 51. Bc4 Qe3+ 52. Bd3 Qe6+ 53. c4 Qe3 54. Qc3 Rd1 55. Rd8 f3 56. Qc2+ Rd2 57. Qc3 Qb6+ 58. Ka2 Qe3 59. c5 Kg2 60. c6 f2 61. Bf1+ Kxf1 62. Qxe3 Rxd8 63. c7 Rc8 64. Qd3+ Kg1 65. Qe3 Rxc7 66. Qg3+ Kf1 67. Qxc7 Kg1 68. Qg3+ Kf1 69. Qxg6 Ke1 70. Qf6 f1=Q 71. Qxf1+ Kxf1 72. a4 1-0


[Site "https://www.chess.com"]

[Event "Titled Tuesday Blitz February 15 Late 2022"]
[White "Kosteniuk, Alexandra"]
[Black "Hamley, Ryan"]
[WhiteFideId "4128125"]
[BlackFideId "30959497"]
[WhiteElo "2469"]
[BlackElo "2432"]
[Result "1-0"]
[Round "07"]
[TimeControl "180+1"]
[Date "2022.02.15"]
[WhiteClock "0:01:16"]
[BlackClock "0:00:23"]

1. e4 e5 2. Nf3 Nc6 3. Bc4 Bc5 4. d3 Nf6 5. a4 a6 6. a5 d6 7. c3 O-O 8. O-O Ba7 9. Re1 Be6 10. Bxe6 fxe6 11. Qb3 Qd7 12. Nbd2 Rab8 13. Nf1 Rfe8 14. Be3 Bxe3 15. Nxe3 d5 16. Qc2 h6 17. h3 Kh8 18. Ra4 Qf7 19. Ng4 Nxg4 20. hxg4 Qg6 21. g5 hxg5 22. exd5 exd5 23. Rg4 e4 24. dxe4 Rxe4 25. Rexe4 dxe4 26. Nxg5 Nxa5 27. Qa4 b6 28. Rh4+ Kg8 29. Qa2+ Kf8 30. Rh8+ Ke7 31. Rxb8 Qxg5 32. Qb1 Qf4 33. Qd1 Nc6 34. Rh8 Kf6 1-0


[Site "https://www.chess.com"]

[Event "Titled Tuesday Blitz February 15 Late 2022"]
[White "Kostiukov, Alexandr"]
[Black "Zhurbinsky, David"]
[WhiteFideId "14108100"]
[BlackFideId "2072904"]
[WhiteElo "2202"]
[BlackElo "2525"]
[Result "0-1"]
[Round "07"]
[TimeControl "180+1"]
[Date "2022.02.16"]
[WhiteClock "0:00:01"]
[BlackClock "0:00:10"]

1. g3 Nf6 2. Bg2 d5 3. d3 c5 4. e4 Nc6 5. Qe2 dxe4 6. dxe4 e5 7. c3 Bg4 8. Nf3 Be7 9. h3 Bh5 10. O-O O-O 11. Na3 a6 12. Rd1 Qc7 13. Nc4 Rad8 14. Bg5 h6 15. Bxf6 Bxf6 16. Ne3 Ne7 17. Nd5 Nxd5 18. Rxd5 Rxd5 19. exd5 c4 20. Re1 Re8 21. Qe3 Qd6 22. Nd2 b5 23. Ne4 Qe7 24. d6 Qe6 25. Nxf6+ Qxf6 26. Qc5 Bg6 27. Rd1 Bd3 28. Bf1 e4 29. b3 Rd8 30. bxc4 bxc4 31. Bg2 Rxd6 0-1


[Site "https://www.chess.com"]

[Event "Titled Tuesday Blitz February 15 Late 2022"]
[White "Kozin, Yuri"]
[Black "Arabidze, Meri"]
[WhiteFideId "4129920"]
[BlackFideId "13604040"]
[WhiteElo "2528"]
[BlackElo "2329"]
[Result "0-1"]
[Round "07"]
[TimeControl "180+1"]
[Date "2022.02.16"]
[WhiteClock "0:00:19"]
[BlackClock "0:00:17"]

1. e4 c5 2. Nf3 e6 3. d4 cxd4 4. Nxd4 Nc6 5. Nc3 a6 6. Nb3 Nf6 7. Bd3 b5 8. f4 d6 9. Qf3 Bb7 10. Be3 Be7 11. g4 d5 12. e5 Nd7 13. O-O-O Qc7 14. Nd4 b4 15. Nce2 a5 16. Nb5 Qb8 17. Ned4 Nxd4 18. Bxd4 Ba6 19. Qe2 Nc5 20. Nd6+ Bxd6 21. Bxa6 Nxa6 22. exd6 Qxd6 23. Be5 Qc6 24. Bxg7 Rg8 25. Bd4 Nc5 26. Bxc5 Qxc5 27. f5 Qc4 28. Qg2 Rxg4 29. Qh3 Rc8 30. Rd2 Qe4 31. Rhd1 Qxf5 32. Qe3 Re4 33. Qa7 Rec4 34. Rd3 Rxc2+ 35. Kb1 Rc1+ 36. Rxc1 Qxd3+ 0-1


[Site "https://www.chess.com"]

[Event "Titled Tuesday Blitz February 15 Late 2022"]
[White "Koziorowicz, Michal"]
[Black "Nazaretyan, Tigran"]
[WhiteFideId "21809194"]
[BlackFideId "24162345"]
[WhiteElo "2166"]
[BlackElo "2192"]
[Result "0-1"]
[Round "07"]
[TimeControl "180+1"]
[Date "2022.02.16"]
[WhiteClock "0:00:32"]
[BlackClock "0:01:27"]

1. e4 c5 2. Nf3 Nc6 3. Bb5 g6 4. O-O Bg7 5. Re1 Nf6 6. c3 O-O 7. d4 d5 8. e5 Ne4 9. Nbd2 cxd4 10. cxd4 Bf5 11. Nh4 Be6 12. Nxe4 dxe4 13. Bxc6 bxc6 14. Rxe4 c5 15. Bf4 Qd5 16. Re2 cxd4 17. Rd2 Rfd8 18. Nf3 d3 19. h3 Rac8 20. b3 Bf5 21. Rc1 Rc2 22. Kh2 Be4 23. Rdxc2 dxc2 24. Qxd5 Rxd5 25. Ne1 g5 26. Bxg5 Bxe5+ 27. g3 Bb2 28. Rxc2 Bxc2 29. Nxc2 Rxg5 0-1


[Site "https://www.chess.com"]

[Event "Titled Tuesday Blitz February 15 Late 2022"]
[White "Kujawski, Adam"]
[Black "Gurevich, Dmitry"]
[WhiteFideId "1100920"]
[BlackFideId "2000407"]
[WhiteElo "2053"]
[BlackElo "2506"]
[Result "0-1"]
[Round "07"]
[TimeControl "180+1"]
[Date "2022.02.16"]
[WhiteClock "0:00:20"]
[BlackClock "0:01:41"]

1. e4 c5 2. Nf3 d6 3. d4 cxd4 4. Nxd4 Nf6 5. Nc3 Nc6 6. Bg5 e6 7. Qd2 Be7 8. O-O-O O-O 9. Ndb5 Qa5 10. Nxd6 Rd8 11. Nxc8 Rxd2 12. Nxe7+ Nxe7 13. Bxd2 Ng4 14. Be1 Qb6 15. Rd2 Rd8 16. Rxd8+ Qxd8 17. h3 Ne5 18. Bd2 Qc7 19. f4 Nc4 20. Bxc4 Qxc4 21. Re1 b5 22. a3 a5 23. e5 b4 24. axb4 axb4 25. Ne4 b3 26. c3 Qd3 0-1


[Site "https://www.chess.com"]

[Event "Titled Tuesday Blitz February 15 Late 2022"]
[White "Kushko, Dmitriy"]
[Black "Sohal, Tanraj"]
[WhiteFideId "14162261"]
[BlackFideId "2608499"]
[WhiteElo "2225"]
[BlackElo "2200"]
[Result "1-0"]
[Round "07"]
[TimeControl "180+1"]
[Date "2022.02.16"]
[WhiteClock "0:00:08"]
[BlackClock "0:00:45"]

1. Nf3 g6 2. c4 Bg7 3. d4 Nf6 4. g3 O-O 5. Bg2 d5 6. O-O Nc6 7. cxd5 Nxd5 8. Nc3 Nxc3 9. bxc3 e5 10. e3 Bg4 11. Qb3 Na5 12. Qa4 Bxf3 13. Bxf3 c6 14. Ba3 Re8 15. Rfd1 e4 16. Be2 b5 17. Qc2 Qd5 18. c4 bxc4 19. Rac1 Bf8 20. Bxf8 Rxf8 21. Bxc4 Qg5 22. Qxe4 Rab8 23. Bf1 Rb2 24. Rc2 Rfb8 25. Kg2 Qf6 26. Rdd2 Rb1 27. Be2 Re1 28. Rd1 Rxd1 29. Bxd1 Rb1 30. Bf3 Ra1 31. Qe8+ Kg7 32. Rc5 Rxa2 33. d5 cxd5 34. Rxd5 Nc4 35. Rd7 Nd2 36. Bd5 Qa6 37. Qxf7+ Kh6 38. Qxh7+ Kg5 39. Qh4+ Kf5 40. Qf4# 1-0


[Site "https://www.chess.com"]

[Event "Titled Tuesday Blitz February 15 Late 2022"]
[White "Levine, Joseph"]
[Black "Haszon, David"]
[WhiteFideId "30940346"]
[BlackFideId "733610"]
[WhiteElo "1802"]
[BlackElo "2201"]
[Result "1-0"]
[Round "07"]
[TimeControl "180+1"]
[Date "2022.02.16"]
[WhiteClock "0:00:30"]
[BlackClock "0:00:26"]

1. e4 c6 2. d3 d5 3. Nd2 dxe4 4. dxe4 e5 5. Ngf3 Qc7 6. Bc4 Be7 7. O-O Nf6 8. c3 b5 9. Bb3 O-O 10. a4 Nbd7 11. axb5 cxb5 12. Qe2 a6 13. Rd1 Bb7 14. Bc2 Nc5 15. b3 Ne6 16. Bb2 Nf4 17. Qe1 Rac8 18. c4 Bc5 19. Bxe5 Bd6 20. Bxd6 Qxd6 21. e5 Qc6 22. exf6 Qxf6 23. Be4 Bxe4 24. Qxe4 Rfe8 25. Qb7 Rb8 26. Qxa6 Rb6 27. Qa8 Rbb8 28. Qa6 Rb6 29. Re1 Rd8 30. Qa8 Rbb8 31. Qe4 Nd3 32. Rf1 Nc5 33. Qc2 b4 34. Ne4 Qg6 35. Rae1 Nd3 36. Re3 Nf4 37. g3 Nh3+ 38. Kh1 h6 39. Qe2 Rdc8 40. Ng1 Ng5 41. Nxg5 hxg5 42. Re1 Kh7 43. Nf3 Qc6 44. Re4 f5 45. Nxg5+ Kh8 46. Qh5+ 1-0


[Site "https://www.chess.com"]

[Event "Titled Tuesday Blitz February 15 Late 2022"]
[White "Lin, Dachey"]
[Black "Van Foreest, Jorden"]
[WhiteFideId "2029650"]
[BlackFideId "1039784"]
[WhiteElo "2751"]
[BlackElo "2609"]
[Result "1-0"]
[Round "07"]
[TimeControl "180+1"]
[Date "2022.02.15"]
[WhiteClock "0:01:45"]
[BlackClock "0:01:50"]

1. Nc3 g6 2. e4 c5 3. f4 Bg7 4. Nf3 d6 5. Bc4 Nf6 6. O-O Nc6 7. d3 Nd4 8. Nxd4 cxd4 9. Ne2 Ng4 10. h3 Ne3 11. Bxe3 dxe3 12. c3 O-O 13. Qc1 Qb6 14. d4 e5 15. fxe5 dxe5 16. Qxe3 Qxb2 17. Rab1 Qa3 18. Rxf7 Rxf7 19. Rf1 exd4 20. Nxd4 Qc5 21. Bxf7+ Kh8 22. Bd5 Bd7 23. Rf7 Rd8 24. Rxg7 Be6 25. Qh6 1-0


[Site "https://www.chess.com"]

[Event "Titled Tuesday Blitz February 15 Late 2022"]
[White "Lugovskoy, Maxim"]
[Black "Nepomniachtchi, Ian"]
[WhiteFideId "24126454"]
[BlackFideId "4168119"]
[WhiteElo "2444"]
[BlackElo "2740"]
[Result "1/2-1/2"]
[Round "07"]
[TimeControl "180+1"]
[Date "2022.02.15"]
[WhiteClock "0:02:02"]
[BlackClock "0:01:38"]

1. e4 e5 2. Nf3 Nc6 3. Nc3 Nf6 4. d4 exd4 5. Nxd4 Bb4 6. Nxc6 bxc6 7. Bd3 d5 8. exd5 O-O 9. O-O cxd5 10. h3 c6 11. Qf3 Re8 12. Bf4 Bd6 13. Rfe1 Bxf4 14. Qxf4 Be6 15. Ne2 Rb8 16. b3 c5 17. c4 h6 18. Rad1 Qa5 19. Qd2 Qxd2 20. Rxd2 dxc4 21. Bxc4 Bxc4 22. bxc4 Rb4 23. Rc2 Nd7 24. Kf1 Nb6 25. Nf4 Rxe1+ 26. Kxe1 Nxc4 27. Nd3 Rb1+ 28. Ke2 Na3 29. Rxc5 Ra1 30. Ra5 Rxa2+ 31. Kf3 Ra1 32. Rxa7 Nc2 33. Rxa1 Nxa1 34. Nc5 1/2-1/2


[Site "https://www.chess.com"]

[Event "Titled Tuesday Blitz February 15 Late 2022"]
[White "Martirosyan, Haik M."]
[Black "Svane, Rasmus"]
[WhiteFideId "13306553"]
[BlackFideId "4657101"]
[WhiteElo "2735"]
[BlackElo "2645"]
[Result "1-0"]
[Round "07"]
[TimeControl "180+1"]
[Date "2022.02.15"]
[WhiteClock "0:00:19"]
[BlackClock "0:00:05"]

1. c4 Nf6 2. Nc3 e5 3. Nf3 Nc6 4. e3 Bb4 5. Qc2 Bxc3 6. Qxc3 Qe7 7. d4 e4 8. Nd2 d5 9. a3 a5 10. b3 O-O 11. h3 h5 12. Be2 Rd8 13. Bb2 Be6 14. Qc2 Qd7 15. Bc3 Ne7 16. b4 axb4 17. Bxb4 Ng6 18. cxd5 Nxd5 19. Rc1 Bf5 20. O-O Bxh3 21. Nxe4 Nh4 22. g3 Bxf1 23. Rxf1 Nf5 24. Nc5 Qc8 25. Qe4 b6 26. Nd3 Nxb4 27. axb4 Nd6 28. Qf4 g6 29. e4 Qe6 30. Bf3 Ra3 31. d5 Qe7 32. Ne5 Re8 33. Nc6 Qd7 34. e5 Nf5 35. Bg2 Ne7 36. e6 fxe6 37. Ne5 Nxd5 38. Bxd5 Qg7 39. Bc4 Rc3 40. Qe4 Kh7 41. Kg2 Rd8 42. Nf3 c5 43. bxc5 bxc5 44. Ng5+ Kh6 45. Nxe6 Rd4 46. Nxd4 Qxd4 47. Qxd4 cxd4 48. Ba6 Ra3 49. Bb5 Rb3 50. Bc4 Rc3 51. Bd5 g5 52. Rd1 d3 53. Be4 h4 54. Rxd3 Rc4 55. Rd6+ Kg7 56. Bd3 Rc3 57. g4 Kf7 58. Bf5 h3+ 59. Kh2 Rf3 60. Rg6 Rxf2+ 61. Kxh3 Rf3+ 62. Kg2 Re3 63. Rxg5 Kf6 64. Rg6+ Kf7 65. Ra6 Rc3 66. Kf2 1-0


[Site "https://www.chess.com"]

[Event "Titled Tuesday Blitz February 15 Late 2022"]
[White "Matinian, Nikita"]
[Black "Andreikin, Dmitry"]
[WhiteFideId "24129100"]
[BlackFideId "4158814"]
[WhiteElo "2422"]
[BlackElo "2736"]
[Result "0-1"]
[Round "07"]
[TimeControl "180+1"]
[Date "2022.02.15"]
[WhiteClock "0:02:29"]
[BlackClock "0:02:10"]

1. e4 c5 2. Nc3 a6 3. f4 b5 4. Nf3 Bb7 5. d3 e6 6. g4 d5 7. e5 h5 8. g5 Ne7 9. a4 b4 10. Ne2 h4 11. Be3 d4 12. Nexd4 cxd4 13. Bxd4 Nf5 14. Bf2 Nc6 15. Bh3 Ncd4 16. Bg4 Qd5 17. Bxd4 Nxd4 0-1


[Site "https://www.chess.com"]

[Event "Titled Tuesday Blitz February 15 Late 2022"]
[White "Michelakos, Panagiotis"]
[Black "Petrosyan, Manuel"]
[WhiteFideId "4216067"]
[BlackFideId "13300857"]
[WhiteElo "2140"]
[BlackElo "2592"]
[Result "1-0"]
[Round "07"]
[TimeControl "180+1"]
[Date "2022.02.15"]
[WhiteClock "0:00:38"]
[BlackClock "0:00:02"]

1. d4 d5 2. c4 e6 3. Nc3 Nf6 4. cxd5 exd5 5. Bg5 Be7 6. Qc2 c6 7. e3 Nbd7 8. Bd3 h6 9. Bh4 Nh5 10. Bxe7 Qxe7 11. Nge2 O-O 12. O-O-O Nhf6 13. Rdg1 c5 14. g4 c4 15. Bf5 g6 16. g5 hxg5 17. Rxg5 Nh7 18. Rg2 Kh8 19. Nxd5 Qd6 20. Be4 Ndf6 21. Nxf6 Nxf6 22. h4 Nxe4 23. Qxe4 Bf5 24. Qf3 Qc6 25. d5 Qa4 26. e4 Qxa2 27. Rg5 Rae8 28. Nc3 Bxe4 29. Qf6+ 1-0


[Site "https://www.chess.com"]